AoeStats
← CTM | Grabiel

Arabia

503896933Analyzed
1v1 RM · 29d ago on Sep 2, 2026· 49m 10s· 2 players
Game mode
Random Map
Map size
Tiny (2 player)
Population
200
Speed
Normal
Resources
Standard
Victory
Conquest
Starting age
Dark Age
Ending age
Imperial Age
RankedLock teamsTeams togetherTeam positionsShared explorationLock speedFull tech treeHidden civsTurbo modeCheats
Victory
Defeat
🇧🇷 Mongols · Brazil
1992
+14
🇦🇷 Magyars · Argentina
1943
-14
CTM | Grabiel
9:30 Loom
11:44 Feudal Age
15:30 Castle Age
13:57 Double-Bit Axe
21:10 Scale Barding Armor
30:23 Bow Saw
32:05 Chain Barding Armor
31:34 Town Watch
37:12 Fletching
37:47 Corvinian Army
38:09 Bodkin Arrow
43:35 Imperial Age
41:55 Ballistics
41:37 Padded Archer Armor
42:36 Leather Archer Armor
42:31 Elite Skirmisher
43:36 Husbandry
44:26 Bracer
46:57 Chemistry
49:36 Parthian Tactics
Jeffin
6:35 Loom
8:43 Feudal Age
9:23 Double-Bit Axe
17:18 Castle Age
15:17 Horse Collar
15:31 Stone Mining
16:36 Gold Mining
17:46 Fletching
18:26 Bow Saw
18:47 Town Watch
20:12 Bodkin Arrow
30:11 Bloodlines
31:27 Padded Archer Armor
32:15 Husbandry
35:34 Ballistics
41:19 Wheelbarrow
40:45 Heavy Plow
45:53 Imperial Age
43:29 Light Cavalry
44:15 Scale Barding Armor
45:33 Chain Barding Armor
46:02 Hussar
47:12 Conscription
47:39 Bracer
48:41 Chemistry
48:58 Forging
49:05 Leather Archer Armor
49:04 Masonry
Connection lost

Rejoining the realm…

Still unreachable

The connection could not be restored.

Session expired

The server has moved on; the page needs a fresh start.